 Dungeon Crawl Stone Soup version 0.24.0-1-gfbc8707122 (webtiles) character file.

Game seed: 11184791431732690823, levelgen mode: deterministic

981 Mrkan the Chopper (level 7, 0/66 HPs)
             Began as a Deep Dwarf Fighter on Oct 26, 2019.
             Was an Initiate of Elyvilon.
             Slain by an orc warrior
             ... wielding a +0 trident
              (11 damage)
             ... on level 6 of the Dungeon.
             The game lasted 00:08:15 (3589 turns).

Mrkan the Chopper (Deep Dwarf Fighter)              Turns: 3589, Time: 00:08:15

Health: 0/66       AC: 12    Str: 21    XL:     7   Next: 96%
Magic:  8/8        EV: 11    Int:  9    God:    Elyvilon [......]
Gold:   289        SH: 12    Dex: 17    Spells: 6/6 levels left

rFire    . . .     SeeInvis .   a - +1 war axe
rCold    . . .     Gourm    .   c - +1 shield
rNeg     . . .     Faith    .   s - +3 chain mail
rPois    .         Spirit   .   (no helmet)
rElec    .         Reflect  .   (no cloak)
rCorr    .         Harm     .   (no gloves)
MR       ++...                  (no boots)
Stlth    ..........             (no amulet)
HPRegen  0.00/turn              i - ring of protection from magic
MPRegen  0.11/turn              (no ring)

@: agile, non-regenerating
A: damage resistance, heal wounds, sense surroundings 1, no regeneration
a: Heal Wounds, Renounce Religion


You were on level 6 of the Dungeon.
You worshipped Elyvilon.
Elyvilon was noncommittal.
You were hungry.

You visited 1 branch of the dungeon, and saw 6 of its levels.
You also visited: Sewer.

You collected 289 gold pieces.

Inventory:

Hand Weapons
 a - a +1 war axe (weapon)
Armour
 c - a +1 shield (worn)
 s - a +3 chain mail (worn)
 t - a +0 plate armour
Magical Staves
 u - an uncursed staff of cold {unknown}
Jewellery
 i - a ring of protection from magic (left hand)
 n - an uncursed ring of fire {unknown}
 x - an uncursed ring of protection from magic
Wands
 h - a wand of enslavement (12)
 w - a wand of flame (22)
Scrolls
 b - a scroll of fear {unknown}
 e - 4 scrolls of teleportation
 k - 2 scrolls of remove curse
 m - 2 scrolls of magic mapping
 p - 4 scrolls of identify
 r - a scroll of enchant weapon
 v - a scroll of fog {unknown}
 y - 2 scrolls of blinking {unknown}
 B - a scroll of enchant armour
Potions
 d - a potion of might
 g - 2 potions of brilliance {unknown}
 j - 2 potions of heal wounds {unknown}
 l - a potion of invisibility {unknown}
 o - 2 potions of haste {unknown}
 q - 2 potions of agility
 z - 4 potions of curing {unknown}
 A - 4 potions of flight {unknown}
 C - a potion of ambrosia {unknown}
Comestibles
 f - 9 rations


   Skills:
 + Level 4.7 Fighting
 - Level 6.3 Axes
 + Level 4.9 Armour
 + Level 5.6 Shields
 * Level 3.3 Invocations


You had 6 spell levels left.
You didn't know any spells.
Your spell library contained the following spells:

 Spells                   Type           Power        Failure   Level  Hunger
 Corona                   Hex            #......      100%        1    ##.....
 Ensorcelled Hibernation  Hex/Ice        #.....       100%        2    ###....
 Confuse                  Hex            #.......     100%        3    ####...
 Dazzling Spray           Conj/Hex       #.....       100%        3    ####...
 Tukima's Dance           Hex            #.......     100%        3    ####...


Dungeon Overview and Level Annotations

Branches:
Dungeon (6/15)              Sewer (visited)
 Temple: D:4-7

Altars:
Okawaru
The Shining One


Innate Abilities, Weirdness & Mutations

You are resistant to damage.
You can heal yourself by infusing magical energy.
You passively map a small area around you.
You do not regenerate.


Message History

You slash the orc warrior!
The orc warrior is moderately wounded.
The orc warrior hits you with a +0 trident!
* * * LOW HITPOINT WARNING * * *
Okay, then.
You feel much better. You block the orc warrior's attack.
You closely miss the orc warrior.
The orc warrior is moderately wounded.
The orc warrior hits you with a +0 trident!
The orc priest mumbles some strange prayers to Beogh against you.
Beogh smites you!
* * * LOW HITPOINT WARNING * * *
You hit the orc warrior.
The orc warrior is heavily wounded.
You block the orc warrior's attack.
You hit the orc warrior but do no damage.
The orc warrior is heavily wounded.
You block the orc warrior's attack.
The orc warrior hits you from afar with a +0 trident!
You die...

#.#########..# #.#
#............######.#
###########.........#
#..######## #..#
*########..#
,,..........# ,
#########.# , #@# ,
#.# *,* ###o# *, ,*
#.oo# * * #o###
##.####.# , .5.oo...#
##.###..# * #..#


You could see an orc warrior, an orc priest and an orc.

Vanquished Creatures
  A phantom (D:4)
  A big kobold (Sewer)
  3 scorpions
  2 crimson imps (D:5)
  A centaur zombie (D:5)
  2 orc priests
  A hound (D:4)
  2 orc wizards
  An iguana (D:5)
  7 worker ants
  Terence (D:2)
  A hound skeleton (D:4)
  A gnoll (D:1)
  4 adders
  A river rat (Sewer)
  3 worms
  2 dart slugs
  2 leopard geckos
  11 orcs
  3 ball pythons
  9 giant cockroaches
  10 goblins
  10 hobgoblins
  3 jackals
  15 kobolds
  5 quokkas
  8 bats
  8 frilled lizards
  18 rats
136 creatures vanquished.

Notes
Turn   | Place    | Note
-------+----------+-------------------------------------------
     0 | D:1      | Mrkan the Deep Dwarf Fighter began the quest for the Orb.
     0 | D:1      | Reached XP level 1. HP: 20/20 MP: 1/1
    32 | D:1      | Reached XP level 2. HP: 17/27 MP: 2/2
   142 | D:1      | Reached skill level 3 in Axes
   268 | D:1      | Reached XP level 3. HP: 22/34 MP: 3/3
   951 | D:2      | Noticed Terence
   959 | D:2      | Killed Terence
   959 | D:2      | Reached XP level 4. HP: 27/42 MP: 4/4
  1443 | D:2      | Reached skill level 4 in Axes
  1516 | D:2      | Reached XP level 5. HP: 37/49 MP: 5/5
  2247 | D:4      | Reached skill level 5 in Axes
  2255 | D:4      | Reached XP level 6. HP: 28/57 MP: 6/6
  2294 | D:4      | Found an iron altar of Okawaru.
  2531 | D:4      | Reached skill level 6 in Axes
  2531 | D:4      | Reached skill level 5 in Shields
  2531 | D:4      | Reached XP level 7. HP: 50/64 MP: 7/7
  2628 | D:4      | Found a glowing drain.
  2640 | Sewer    | Entered a sewer
  2735 | Sewer    | Found a white marble altar of Elyvilon.
  2745 | Sewer    | Became a worshipper of Elyvilon the Healer
  2917 | D:5      | Entered Level 5 of the Dungeon
  2952 | D:5      | Found a glowing golden altar of the Shining One.
  3030 | D:5      | Reached skill level 1 in Invocations
  3589 | D:6      | Slain by an orc warrior

Levels and vault maps discovered:
D:1:      nicolae_arrival_memento_mori, layout_basic, minmay_pentomino_q2
D:2:      wad_river_or_something, layout_loops_ring, grunt_ministairs_7,
          st_stairs_12, uniq_terence
D:3:      layout_basic, first_ration, grunt_ministairs_1
D:4:      layout_rooms, okawaru_trees_1, portal_sewer_entry_b
D:5:      layout_rooms, hangedman_decor_opposing, grunt_ministairs_3,
          tso_metal_star
D:6:      layout_loops_ring, uniq_duvessa

Skill      XL: |  1  2  3  4  5  6  7 |
---------------+----------------------+-----
Axes           | 3 4 5 6 |  6.3
Fighting       | 3 4 |  4.7
Shields        | 4 5 |  5.6
Armour         | 4 |  4.9
Invocations    | 3 |  3.3

Action                   |  1- 3 |  4- 6 |  7- 9 || total
-------------------------+-------+-------+-------++-------
Melee: War axe           |    68 |   215 |   136 ||   419
 Abil: Heal Wounds       |       |     2 |     2 ||     4
  Use: Potion            |     1 |       |     1 ||     2
       Scroll            |       |     7 |       ||     7
  Eat: Chunk             |       |     6 |     3 ||     9
Armor: Scale mail        |    32 |    41 |       ||    73
       Chain mail        |       |    83 |    53 ||   136
Dodge: Dodged            |    20 |    52 |    27 ||    99
Block: Shield            |    40 |   130 |    85 ||   255
